 Dungeon Crawl Stone Soup version 0.29.0-4-gdea44cf6ec (webtiles) character file.

Game seed: 16647314250442111957

2796 qw the Grappler (level 9, 0/84 HPs)
             Began as a Troll Cinder Acolyte on Aug 31, 2022.
             Was a High Priest of Ignis.
             Engulfed by a cloud of flame (10 damage)
             ... on level 9 of the Dungeon.
             The game lasted 00:03:11 (7242 turns).

qw the Grappler (Troll Cinder Acolyte)              Turns: 7242, Time: 00:03:11

Health: 0/84       AC:  9    Str: 28    XL:     9   Next: 43%
Magic:  9/9        EV:  9    Int: 10    God:    Ignis [*****.]
Gold:   168        SH:  0    Dex:  5    Spells: 10/10 levels left

rFire   + . .      SeeInvis .     - Unarmed
rCold   . . .      Faith    .   (no shield)
rNeg    . . .      Spirit   .   a - +0 robe
rPois   .          Reflect  .   (helmet restricted)
rElec   .          Harm     .   n - +0 cloak
rCorr   .          Rampage  .   (gloves unavailable)
Will    +....                   (boots unavailable)
Stlth   +.........              (no amulet)
HPRegen 1.04/turn               k - +4 ring of protection
MPRegen 0.11/turn               c - ring of willpower

@: no status effects
A: large, unfitting armour, claws 3, regeneration 1, shaggy fur 1, tough skin 1
a: Renounce Religion, Fiery Armour, Foxfire Swarm, Rising Flame


You were on level 9 of the Dungeon.
You worshipped Ignis.
Ignis was extremely pleased with you.
You visited 1 branch of the dungeon, and saw 9 of its levels.

You collected 408 gold pieces.
You spent 240 gold pieces at shops.


Innate Abilities, Weirdness & Mutations

You are too large for most types of armour.
You have claws for hands.
Your natural rate of healing is unusually fast.
You are covered in fur. (AC +1)
You have tough skin. (AC +1)


   Skills:
 - Level 4.2 Fighting
 - Level 4.3 Throwing
 - Level 1.6 Dodging
 + Level 11.4 Unarmed Combat
 - Level 1.0 Spellcasting
 - Level 2.1 Fire Magic


You had 10 spell levels left.
You didn't know any spells.
Your spell library contained the following spells:

 Spells                   Type           Power      Damage    Failure   Level
 Scorch                   Fire           8%         2d5       22%         2

Inventory:

Missiles
 o - 7 large rocks (quivered)
 p - 7 boomerangs
Armour
 a - a +0 robe (worn)
 n - a +0 cloak (worn)
Jewellery
 c - a ring of willpower (right claw)
 f - a ring of fire
 k - a +4 ring of protection (left claw)
Scrolls
 m - a scroll of identify
Potions
 b - 3 potions of mutation
 d - a potion of curing
 h - a potion of invisibility
 i - a potion of might {unknown}
 j - a potion of heal wounds
 l - a potion of attraction {unknown}

Dungeon Overview and Level Annotations

Branches:
Dungeon (9/15)             Temple (0/1) D:7
   Lair: D:8-11         Orc: D:9-12

Altars:
Cheibriados

Shops:
D:4 (   D:6 (   D:8 *   D:9 =

Annotations:
D:7 3 runed translucent doors, qw's ghost, novice TeWr


Message History

7207 ||| READING 2 scrolls of identify.
As you read the scroll of identify, it crumbles to dust.
h - a potion of invisibility
7207 ||| IDENTIFYING bubbling ruby potion You are engulfed in blazing flames.
You resist.
You're standing in a cloud of flame!
You are engulfed in blazing flames.
You resist.
You're standing in a cloud of flame!
You are engulfed in blazing flames.
You resist.
You're standing in a cloud of flame!
You are engulfed in blazing flames.
You resist.
You're standing in a cloud of flame!
You are engulfed in blazing flames.
You resist.
You're standing in a cloud of flame!
You are engulfed in blazing flames.
You resist.
You start resting.
You're standing in a cloud of flame!
You're standing in a cloud of flame!
You are engulfed in blazing flames.
You resist.
You're standing in a cloud of flame!
You are engulfed in blazing flames.
You resist.
You start resting.
You're standing in a cloud of flame!
You're standing in a cloud of flame!
You are engulfed in blazing flames.
You resist.
You're standing in a cloud of flame!
You are engulfed in blazing flames.
You resist.
You start resting.
You're standing in a cloud of flame!
You're standing in a cloud of flame!
You are engulfed in blazing flames.
You resist.
You start resting.
You're standing in a cloud of flame!
You're standing in a cloud of flame!
You are engulfed in blazing flames.
You resist.
You're standing in a cloud of flame!
You are engulfed in blazing flames.
You resist.
You're standing in a cloud of flame!
You are engulfed in blazing flames.
You resist.
You die...

.......#
##.###.##########
#..............#
#####.##.#...#.##
#...........#
#.####.####.# #.#
#.# #0# #.# ##¤#
#0# #.#########@#
....¤#8#¤¤¤0#
.$#########0# ..
## #0# #0#
###.####.#
.........#
.#..######


There were no monsters in sight!

Vanquished Creatures
  Psyche (D:9)
  Sigmund (D:2)
  A steam dragon (D:8)
  A water moccasin (D:6)
  An ice beast (D:6)
  An orc warrior (D:9)
  2 sky beasts
  2 ogres (D:5)
  A centaur (D:8)
  3 phantoms
  2 kobold brigands
  A scorpion (D:4)
  2 bullfrogs
  A gnoll sergeant (D:7)
  4 howler monkeys
  2 orc priests
  3 hounds (D:6)
  2 jellies
  A gnoll bouda (D:6)
  Natasha (D:4)
  6 orc wizards
  Robin (D:2)
  14 gnolls
  A shadow imp (D:5)
  A white imp (D:8)
  An ufetubus (D:4)
  A worm (D:3)
  3 dart slugs
  30 orcs
  7 ball pythons
  5 endoplasms
  A giant cockroach (D:1)
  15 goblins
  8 hobgoblins
  10 jackals
  A quokka (D:4)
  4 bats
  4 frilled lizards
  11 kobolds
  4 rats
161 creatures vanquished.

Vanquished Creatures (others)
  A wyvern (D:9)
  9 demonic plants (D:1)
  5 fungi (D:1)
  2 plants
  6 withered plants (D:1)
23 creatures vanquished.

Grand Total: 184 creatures vanquished

Notes
Turn   | Place    | Note
-------+----------+-------------------------------------------
     0 | D:1      | qw the Troll Cinder Acolyte began the quest for the Orb.
     0 | D:1      | Reached XP level 1. HP: 22/22 MP: 1/1
     0 | D:1      | 0 ||| qw: Version: 0.1-a-97-g2dd2ca4
     0 | D:1      | 0 ||| qw: Game counter: 4551
     0 | D:1      | 0 ||| qw: Always use a shield: true
     0 | D:1      | 0 ||| qw: God list: Okawaru
     0 | D:1      | 0 ||| qw: Allow faded altars: false
     0 | D:1      | 0 ||| qw: Do Orc after D:15 true
     0 | D:1      | 0 ||| qw: Do second Lair branch before Depths: true
     0 | D:1      | 0 ||| qw: Lair rune preference: random
     0 | D:1      | 0 ||| qw: Plans: Normal
     0 | D:1      | 0 ||| PLANNING D:1-11
    82 | D:1      | 82 ||| Stepping ~*~*~tactically~*~*~ (stealth).
    84 | D:1      | 84 ||| Stepping ~*~*~tactically~*~*~ (stealth).
    88 | D:1      | 88 ||| Stepping ~*~*~tactically~*~*~ (outnumbered).
    89 | D:1      | 89 ||| Stepping ~*~*~tactically~*~*~ (outnumbered).
    91 | D:1      | Reached XP level 2. HP: 29/29 MP: 2/2
   128 | D:1      | Found a faded altar of an unknown god.
   141 | D:1      | 141 ||| Stepping ~*~*~tactically~*~*~ (stealth).
   156 | D:1      | Reached skill level 4 in Unarmed Combat
   322 | D:1      | 322 ||| Stepping ~*~*~tactically~*~*~ (hiding).
   639 | D:1      | 639 ||| Stepping ~*~*~tactically~*~*~ (hiding).
   646 | D:1      | Reached XP level 3. HP: 36/36 MP: 3/3
   941 | D:1      | 941 ||| READING scroll labelled FALATTUFRU.
   942 | D:1      | 942 ||| READING scroll labelled LIV RAVUNWIPO.
   943 | D:1      | 943 ||| READING scroll labelled CUURCH GIAT.
   944 | D:1      | 944 ||| Stepping randomly (stuck).
   945 | D:1      | 945 ||| Stepping ~*~*~tactically~*~*~ (cloud).
  1007 | D:2      | 1007 ||| Stepping ~*~*~tactically~*~*~ (stealth).
  1009 | D:2      | 1009 ||| STAIRDANCE
  1035 | D:2      | Noticed Robin
  1036 | D:2      | 1036 ||| Stepping ~*~*~tactically~*~*~ (hiding).
  1037 | D:2      | 1037 ||| Stepping ~*~*~tactically~*~*~ (hiding).
  1038 | D:2      | 1038 ||| STAIRDANCE
  1143 | D:2      | 1143 ||| STAIRDANCE
  1148 | D:2      | 1148 ||| STAIRDANCE
  1159 | D:2      | 1159 ||| STAIRDANCE
  1166 | D:2      | 1166 ||| STAIRDANCE
  1181 | D:2      | Killed Robin
  1213 | D:2      | Reached XP level 4. HP: 44/44 MP: 4/4
  1218 | D:2      | 1218 ||| Stepping ~*~*~tactically~*~*~ (stealth).
  1227 | D:2      | Reached skill level 5 in Unarmed Combat
  1309 | D:2      | Noticed Sigmund
  1310 | D:2      | 1310 ||| Stepping ~*~*~tactically~*~*~ (hiding).
  1311 | D:2      | 1311 ||| Stepping ~*~*~tactically~*~*~ (hiding).
  1319 | D:2      | Killed Sigmund
  1320 | D:2      | Reached skill level 6 in Unarmed Combat
  1320 | D:2      | Reached XP level 5. HP: 30/50 MP: 5/5
  1647 | D:2      | 1647 ||| READING scroll labelled YFUL YLLOCUNKU.
  1726 | D:3      | 1726 ||| Stepping ~*~*~tactically~*~*~ (hiding).
  1727 | D:3      | 1727 ||| Stepping ~*~*~tactically~*~*~ (hiding).
  1728 | D:3      | 1728 ||| Stepping ~*~*~tactically~*~*~ (hiding).
  2233 | D:3      | 2233 ||| Stepping ~*~*~tactically~*~*~ (hiding).
  2240 | D:3      | 2240 ||| FLEEEEING.
  2241 | D:3      | 2241 ||| FLEEEEING.
  2248 | D:3      | Reached XP level 6. HP: 37/59 MP: 6/6
  2593 | D:3      | Reached skill level 7 in Unarmed Combat
  2636 | D:3      | 2636 ||| READING scroll labelled PEUSI OMIMO.
  2641 | D:3      | 2641 ||| READING scroll labelled VUMUGU BUTA.
  2642 | D:3      | 2642 ||| DRINKING 2 bubbling dark potions.
  2643 | D:3      | 2643 ||| DROPPING potion of flight.
  2667 | D:4      | Noticed Natasha
  2671 | D:4      | Killed Natasha
  3005 | D:4      | Found Isene's Weapon Shoppe.
  3368 | D:4      | 3368 ||| DROPPING +6 ring of intelligence.
  3369 | D:4      | 3369 ||| UPGRADING to +4 ring of protection.
  3370 | D:4      | 3370 ||| READING scroll labelled YFEARCHUKOL.
  3398 | D:4      | 3398 ||| READING scroll labelled JIUHOC PUAFIFY.
  3399 | D:4      | 3399 ||| DRINKING 2 orange potions.
  3436 | D:5      | Entered Level 5 of the Dungeon
  3437 | D:5      | 3437 ||| STAIRDANCE
  3442 | D:5      | 3442 ||| STAIRDANCE
  3448 | D:5      | 3448 ||| STAIRDANCE
  3458 | D:4      | Reached skill level 1 in Throwing
  3518 | D:5      | 3518 ||| Stepping ~*~*~tactically~*~*~ (outnumbered).
  3519 | D:5      | 3519 ||| Stepping ~*~*~tactically~*~*~ (outnumbered).
  3520 | D:5      | 3520 ||| Stepping ~*~*~tactically~*~*~ (outnumbered).
  3522 | D:5      | 3522 ||| Stepping ~*~*~tactically~*~*~ (outnumbered).
  3524 | D:5      | 3524 ||| FLEEEEING.
  3679 | D:5      | Reached XP level 7. HP: 59/66 MP: 7/7
  3904 | D:5      | Reached skill level 8 in Unarmed Combat
  3930 | D:5      | Reached skill level 3 in Fighting
  3952 | D:5      | 3952 ||| UPGRADING to +0 cloak.
  4153 | D:6      | 4153 ||| READING scroll of teleportation.
  4158 | D:6      | Reached skill level 3 in Throwing
  4253 | D:6      | 4253 ||| Stepping ~*~*~tactically~*~*~ (hiding).
  4419 | D:6      | 4419 ||| Stepping ~*~*~tactically~*~*~ (stealth).
  4421 | D:6      | 4421 ||| Stepping ~*~*~tactically~*~*~ (stealth).
  4423 | D:6      | 4423 ||| Stepping ~*~*~tactically~*~*~ (stealth).
  4425 | D:6      | 4425 ||| Stepping ~*~*~tactically~*~*~ (hiding).
  4460 | D:6      | Reached XP level 8. HP: 65/75 MP: 8/8
  4462 | D:6      | 4462 ||| FLEEEEING.
  4463 | D:6      | 4463 ||| FLEEEEING.
  4468 | D:6      | 4468 ||| Stepping ~*~*~tactically~*~*~ (outnumbered).
  4469 | D:6      | 4469 ||| Stepping ~*~*~tactically~*~*~ (hiding).
  4556 | D:6      | Found a snail-covered altar of Cheibriados.
  4616 | D:6      | Reached skill level 9 in Unarmed Combat
  4860 | D:6      | 4860 ||| Stepping ~*~*~tactically~*~*~ (stealth).
  4862 | D:6      | Found Norghem's Hydra Hut.
  4864 | D:6      | Noticed a five-headed hydra
  4889 | D:6      | 4889 ||| Stepping ~*~*~tactically~*~*~ (stealth).
  4897 | D:6      | 4897 ||| Stepping ~*~*~tactically~*~*~ (outnumbered).
  4899 | D:6      | Reached skill level 1 in Dodging
  5295 | D:6      | 5295 ||| READING scroll labelled JOBRAT RAFITT.
  5296 | D:6      | 5296 ||| READING scroll labelled YCLERE KAPSUGA.
  5297 | D:6      | 5297 ||| READING 4 scrolls of identify.
  5297 | D:6      | 5297 ||| IDENTIFYING smoky sapphire potion
  5298 | D:6      | 5298 ||| READING 3 scrolls of identify.
  5298 | D:6      | 5298 ||| IDENTIFYING silvery potion
  5299 | D:6      | 5299 ||| READING 2 scrolls of identify.
  5299 | D:6      | 5299 ||| IDENTIFYING glowing pink potion
  5300 | D:6      | 5300 ||| DROPPING potion of berserk rage.
  5301 | D:6      | 5301 ||| DROPPING potion of lignification.
  5302 | D:6      | 5302 ||| DROPPING potion of magic.
  5344 | D:7      | 5344 ||| STAIRDANCE
  5375 | D:7      | 5375 ||| STAIRDANCE
  5379 | D:6      | 5379 ||| INVOKING Fiery Armour.
  5429 | D:7      | 5429 ||| STAIRDANCE
  5434 | D:6      | Reached skill level 10 in Unarmed Combat
  5449 | D:7      | 5449 ||| FLEEEEING.
  5451 | D:7      | 5451 ||| STAIRDANCE
  5494 | D:7      | 5494 ||| Stepping ~*~*~tactically~*~*~ (stealth).
  5496 | D:7      | 5496 ||| Stepping ~*~*~tactically~*~*~ (hiding).
  5508 | D:7      | 5508 ||| Stepping ~*~*~tactically~*~*~ (hiding).
  5509 | D:7      | 5509 ||| Stepping ~*~*~tactically~*~*~ (hiding).
  5784 | D:7      | Identified the +7 short sword of Defence by Offence {speed,
                  | Fragile rElec rN+ Will+}
  5892 | D:7      | Found a runed translucent gate.
  5892 | D:7      | Noticed qw's ghost (novice TeWr)
  5893 | D:7      | Found a runed translucent gate.
  5894 | D:7      | Found a runed translucent gate.
  5897 | D:7      | Found a staircase to the Ecumenical Temple.
  6197 | D:7      | 6197 ||| READING 2 scrolls of identify.
  6197 | D:7      | 6197 ||| IDENTIFYING smoky pink potion
  6198 | D:7      | 6198 ||| DROPPING potion of ambrosia.
  6244 | D:8      | 6244 ||| Stepping ~*~*~tactically~*~*~ (hiding).
  6249 | D:8      | 6249 ||| Stepping ~*~*~tactically~*~*~ (outnumbered).
  6250 | D:8      | 6250 ||| Stepping ~*~*~tactically~*~*~ (outnumbered).
  6251 | D:8      | 6251 ||| Stepping ~*~*~tactically~*~*~ (outnumbered).
  6253 | D:8      | 6253 ||| Stepping ~*~*~tactically~*~*~ (outnumbered).
  6254 | D:8      | 6254 ||| Stepping ~*~*~tactically~*~*~ (outnumbered).
  6255 | D:8      | 6255 ||| Stepping ~*~*~tactically~*~*~ (outnumbered).
  6256 | D:8      | 6256 ||| Stepping ~*~*~tactically~*~*~ (outnumbered).
  6269 | D:8      | Reached XP level 9. HP: 84/84 MP: 9/9
  6386 | D:8      | Found Ituim's Changing Room.
  6407 | D:8      | 6407 ||| BUYING potion of mutation (120 gold).
  6407 | D:8      | Bought a potion of mutation for 120 gold pieces
  6407 | D:8      | 6407 ||| BUYING potion of mutation (120 gold).
  6407 | D:8      | Bought a potion of mutation for 120 gold pieces
  6535 | D:8      | Reached skill level 11 in Unarmed Combat
  6681 | D:8      | 6681 ||| READING 2 scrolls of identify.
  6681 | D:8      | 6681 ||| IDENTIFYING bubbling orange potion
  6682 | D:8      | 6682 ||| DROPPING potion of brilliance.
  6716 | D:9      | Noticed Psyche
  6727 | D:9      | 6727 ||| INVOKING Fiery Armour.
  6731 | D:9      | Killed Psyche
  6732 | D:9      | HP: 21/84 [poisoned by Psyche]
  6844 | D:9      | Found Fule's Jewellery Boutique.
  6849 | D:9      | 6849 ||| SHOPLISTING +4 ring of evasion (576 gold, have
                  | 123).
  6849 | D:9      | 6849 ||| SHOPLISTING +4 ring of protection (576 gold, have
                  | 123).
  6849 | D:9      | 6849 ||| SHOPLISTING +4 ring of slaying (1248 gold, have
                  | 123).
  6849 | D:9      | 6849 ||| SHOPLISTING +6 ring of dexterity (576 gold, have
                  | 123).
  6849 | D:9      | 6849 ||| SHOPLISTING ring of Wyegg {rPois Will- rCorr Str+8
                  | Int-2} (633 gold, have 123).
  6849 | D:9      | 6849 ||| SHOPLISTING ring of Ykkudon {rElec rN+ Str+2} (611
                  | gold, have 123).
  6849 | D:9      | 6849 ||| SHOPLISTING ring of fire (400 gold, have 123).
  6849 | D:9      | 6849 ||| SHOPLISTING ring of protection from fire (400
                  | gold, have 123).
  6849 | D:9      | 6849 ||| SHOPLISTING ring of willpower (400 gold, have
                  | 123).
  6872 | D:9      | 6872 ||| Stepping ~*~*~tactically~*~*~ (hiding).
  6921 | D:9      | 6921 ||| Stepping ~*~*~tactically~*~*~ (stealth).
  6925 | D:9      | 6925 ||| Stepping ~*~*~tactically~*~*~ (hiding).
  7205 | D:9      | 7205 ||| UPGRADING to ring of willpower.
  7206 | D:9      | 7206 ||| DRINKING 2 ruby potions.
  7207 | D:9      | 7207 ||| READING 2 scrolls of identify.
  7207 | D:9      | 7207 ||| IDENTIFYING bubbling ruby potion
  7215 | D:9      | HP: 19/84 [something (11)]
  7226 | D:9      | HP: 20/84 [something (8)]
  7231 | D:9      | HP: 17/84 [something (9)]
  7240 | D:9      | HP: 16/84 [something (10)]
  7242 | D:9      | Engulfed by a cloud of flame

Levels and vault maps discovered:
D:1:      evilmike_arrival_crescent, layout_basic, shapermc_ecumenical_altar_gd,
          minmay_misc_feat_pillars
D:2:      layout_rooms, kennysheep_cross_room, uniq_sigmund, uniq_robin
D:3:      layout_basic
D:4:      layout_gridville, serial_shops, shop_fountains, serial_bayou_pond_d,
          nicolae_figureground_sparkle, uniq_natasha
D:5:      layout_rooms, minivault_19, minmay_holes, minmay_misc_feat_five,
          minivault_14
D:6:      layout_loops_corners, cheibriados_altar_1, serial_co_window_serial,
          co_window_of_opportunity_a, co_window_of_opportunity_a,
          co_window_paths_a, co_window_of_opportunity_a,
          co_window_of_opportunity_a, co_window_corner_a, co_window_broadway_a,
          co_window_2corner, co_window_2corner, co_window_of_opportunity_c,
          co_window_broadway_a, co_window_paths_d, glass_columns_b,
          glass_columns_c, corexii_corridor_pit, doesnt_shop_hydraphobe
D:7:      layout_loops_ring, minmay_temple_entry_grid, enter_bailey_4,
          biasface_ghost_orc_armoury
D:8:      layout_cave_pools, nicolae_transmutations_shop
D:9:      layout_rooms, minmay_overflow_temple_star_quad, serial_shops,
          kennysheep_little_box, lemuel_flamethrower_2, uniq_psyche

Skill      XL: |  1  2  3  4  5  6  7  8  9 |
---------------+----------------------------+-----
Unarmed Combat | 4 6 7 8 10 11 | 11.4
Throwing       | 2 3 4 |  4.3
Fighting       | 3 4 |  4.2
Dodging        | 1 |  1.6
Spellcasting   | |  1.0
Fire Magic     | |  2.1

Action                   |  1- 3 |  4- 6 |  7- 9 || total
-------------------------+-------+-------+-------++-------
Melee: Unarmed           |   107 |   108 |   190 ||   405
       Punch             |     2 |     2 |    10 ||    14
Throw: Large rock        |       |     4 |    36 ||    40
Invok: Fiery Armour      |       |       |     2 ||     2
  Use: Scroll            |     3 |     5 |     9 ||    17
       Potion            |       |     2 |     1 ||     3
Armor: Robe              |    24 |    42 |    73 ||   139
Dodge: Dodged            |    38 |    42 |    76 ||   156

Table legend:
 A = Non-vault XP
 B = Vault XP
 C = Vault XP percentage of total XP
 D = Non-vault monster count
 E = Vault monster count
 F = Vault count percentage of total count
                 A         B        C        D         E       F
            +---------+---------+-------+---------+---------+-------
      Total |    3298 |     697 |  17.4 |     141 |      20 |  12.4
            +---------+---------+-------+---------+---------+-------
        D:1 |      63 |      10 |  13.7 |      29 |       5 |  14.7
        D:2 |      15 |     258 |  94.5 |       8 |       8 |  50.0
        D:3 |      83 |       0 |   0.0 |      18 |       0 |   0.0
        D:4 |     110 |      36 |  24.7 |       8 |       1 |  11.1
        D:5 |     531 |       0 |   0.0 |      13 |       0 |   0.0
        D:6 |    1036 |       0 |   0.0 |      33 |       0 |   0.0
        D:7 |     489 |      10 |   2.0 |      10 |       5 |  33.3
        D:8 |     615 |       0 |   0.0 |      14 |       0 |   0.0
        D:9 |     356 |     383 |  51.8 |       8 |       1 |  11.1
            +---------+---------+-------+---------+---------+-------
